 Dungeon Crawl Stone Soup version 0.26.1 (webtiles) character file.

Game seed: 5489362035479806478

387 Gadfly the Unbeliever (level 6, 0/59 HPs)
             Began as an Ogre Gladiator on Feb 6, 2021.
             Slain by an orc
             ... wielding a +0 dagger
              (2 damage)
             ... on level 3 of the Dungeon.
             The game lasted 00:06:21 (5257 turns).

Gadfly the Unbeliever (Ogre Gladiator)              Turns: 5257, Time: 00:06:22

Health: 0/59       AC:  6    Str: 21    XL:     6   Next: 78%
Magic:  8/8        EV: 10    Int:  9    God:
Gold:   218        SH:  5    Dex: 10    Spells: 5/5 levels left

rFire    . . .     SeeInvis .   b - +2 dagger (venom)
rCold    . . .     Faith    .   (no shield)
rNeg     . . .     Spirit   .   h - +0 robe
rPois    .         Reflect  +   c - +0 hat
rElec    .         Harm     .   s - +2 cloak
rCorr    +         Rampage  .   (gloves unavailable)
Will     .....                  (boots unavailable)
Stlth    +.........             l - amulet of reflection
HPRegen  0.19/turn              i - ring of resist corrosion
MPRegen  0.11/turn              (no ring)

@: no status effects
A: large, unfitting armour, tough skin 1
a: no special abilities


You were on level 3 of the Dungeon.
You visited 1 branch of the dungeon, and saw 3 of its levels.

You collected 218 gold pieces.

Inventory:

Hand Weapons
 a - a +0 flail
 b - a +2 dagger of venom (weapon)
 p - a +2 whip of flaming
 v - a +1 war axe of flaming
Missiles
 d - 2 throwing nets
 e - 4 atropa-tipped darts
 g - 4 boomerangs (quivered)
Armour
 c - a +0 hat (worn)
 h - a +0 robe (worn)
 s - a +2 cloak (worn)
Jewellery
 f - an uncursed ring of ice
 i - a ring of resist corrosion (left hand)
 l - an amulet of reflection (around neck)
Scrolls
 j - a scroll of fog {unknown}
 k - a scroll of blinking
 o - a scroll of identify {unknown}
 q - a scroll of enchant armour {unknown}
 r - a scroll of remove curse
 u - a scroll of enchant weapon
Potions
 m - a potion of berserk rage {unknown}
 t - a potion of haste {unknown}


   Skills:
 - Level 2.6 Fighting
 + Level 3.3 Maces & Flails
 + Level 3.0 Throwing
 * Level 2.5 Armour
 - Level 2.6 Dodging
 * Level 3.5 Invocations
 * Level 2.4 Evocations


You had 5 spell levels left.
You didn't know any spells.
Your spell library was empty.

Dungeon Overview and Level Annotations

Branches:
Dungeon (3/15)

Altars:
Dithmenos
Hepliaklqana
Makhleb
Qazlal
Uskayaw
Vehumet


Innate Abilities, Weirdness & Mutations

You are too large for most types of armour.
You have tough skin. (AC +1)


Message History

You feel less confused. The orc priest barely misses you.
You hit the orc priest.
You kill the orc priest!
The orc hits you but does no damage.
Things that are here:
a +0 whip; a +0 chain mail You barely miss the orc.
The orc hits you with a cursed -3 mace.
* * * LOW HITPOINT WARNING * * *
The orc hits you but does no damage.
You hit the orc but do no damage.
The orc priest calls down the wrath of Beogh upon you.
Beogh smites you!
* * * LOW HITPOINT WARNING * * *
The orc hits you but does no damage. The orc misses you.
You closely miss the orc. The orc hits you with a +0 dagger.
* * * LOW HITPOINT WARNING * * *
You hit the orc but do no damage.
The orc is poisoned.
The orc hits you with a +0 dagger.
You die...

...# #)#
##...##
#.#.# ####
#.# ##+#
#.... #.#
###.#
#.######.#
#.
#......#..
.
######.#.#
.. #.#.##
... #.#..
..
#@#.##.#.#.
#o#..?.....
#o.o...#
########


You could see 2 orcs.

Vanquished Creatures
  2 orc priests (D:3)
  3 orc wizards (D:3)
  A bullfrog skeleton (D:2)
  3 gnolls
  6 adders (D:2)
  An ooze (D:2)
  4 worms
  3 dart slugs
  4 leopard geckos
  11 orcs (D:3)
  12 bats
  12 goblins
  15 hobgoblins
  4 jackals (D:1)
  9 kobolds
  A quokka (D:2)
  2 ball pythons
  5 frilled lizards
  7 rats
105 creatures vanquished.

Notes
Turn   | Place    | Note
-------+----------+-------------------------------------------
     0 | D:1      | Gadfly the Ogre Gladiator began the quest for the Orb.
     0 | D:1      | Reached XP level 1. HP: 22/22 MP: 1/1
   208 | D:1      | Reached XP level 2. HP: 29/29 MP: 2/2
   563 | D:1      | Reached skill level 1 in Invocations
   722 | D:1      | Reached XP level 3. HP: 18/36 MP: 3/3
   887 | D:1      | Reached skill level 1 in Armour
   890 | D:1      | Reached skill level 1 in Evocations
  1887 | D:2      | Reached XP level 4. HP: 36/44 MP: 5/5
  2477 | D:1      | Reached XP level 5. HP: 33/50 MP: 6/6
  2740 | D:2      | Found a hazy altar of Hepliaklqana.
  2830 | D:2      | Found a shadowy altar of Dithmenos.
  2833 | D:2      | Found a hide-covered altar of Uskayaw.
  2834 | D:2      | Found a stormy altar of Qazlal.
  2834 | D:2      | Found a radiant altar of Vehumet.
  2838 | D:2      | Found a burning altar of Makhleb.
  4289 | D:3      | Reached XP level 6. HP: 58/59 MP: 8/8
  5256 | D:3      | HP: 2/59 [orc/+0 dagger (4)]
  5257 | D:3      | Slain by an orc

Illustrated notes

Levels and vault maps discovered:
D:1:      dpeg_arrival_simpleton_b, layout_loops_corners, minmay_quantized
D:2:      layout_loops_ring, minitemple, minivault_5,
          hangedman_abyss_or_decor_stabs, minmay_tromino_i4
D:3:      layout_loops_corners, serial_glass, glass_columns_b, glass_columns_a,
          solitary_fountain

Skill      XL: |  1  2  3  4  5  6 |
---------------+-------------------+-----
Invocations    | 1 2 3 |  3.5
Armour         | 1 2 |  2.5
Evocations     | 1 2 |  2.4
Maces & Flails | 3 |  3.3
Throwing       | 3 |  3.0
Fighting       | |  2.6
Dodging        | |  2.6

Action                   |  1- 3 |  4- 6 || total
-------------------------+-------+-------++-------
Melee: Flail             |    25 |    10 ||    35
       Dagger            |    81 |   211 ||   292
Throw: Stone             |     3 |       ||     3
       Boomerang         |     2 |     6 ||     8
       Throwing net      |       |     1 ||     1
  Use: Scroll            |     3 |     3 ||     6
       Potion            |       |     1 ||     1
Armor: Robe              |    38 |    63 ||   101
Dodge: Dodged            |    66 |   121 ||   187
Block: Other             |       |    12 ||    12
